 Dungeon Crawl Stone Soup version 0.20.1-1-g8b1a95d66d (webtiles) character file.

0 Gargoyl the Skirmisher (level 1, 0/19 HPs)
             Began as a Centaur Abyssal Knight on Nov 24, 2017.
             Was a Follower of Lugonu.
             Slain by a worldbinder (1 damage)
             ... on level 1 of the Abyss.
             The game lasted 00:01:11 (299 turns).

Gargoyl the Skirmisher (Centaur Abyssal Knight)      Turns: 299, Time: 00:01:11

Health: 0/19       AC:  4    Str: 14    XL:     1   Next: 0%
Magic:  2/2        EV:  9    Int: 11    God:    Lugonu [*.....]
Gold:   0          SH:  0    Dex:  8    Spells: 0/0 levels left

rFire    . . .     SeeInvis .   a - +1 hand axe
rCold    . . .     Gourm    .   (no shield)
rNeg     . . .     Faith    .   b - +0 leather armour
rPois    .         Spirit   .   (no helmet)
rElec    .         Reflect  .   (no cloak)
rCorr    .         Harm     .   (no gloves)
MR       .....                  (no barding)
Stlth    ..........             (no amulet)
Regen    0.1/turn               (no ring)
MPRegen  0.1/turn               (no ring)

@: very quick
A: hooves 3, deformed body, speed 2, tough skin 3
a: Depart the Abyss, Renounce Religion


You were on level 1 of the Abyss.
You worshipped Lugonu.
Lugonu was aware of your devotion.
You were not hungry.

You visited 0 branches of the dungeon, and saw 0 of its levels.
You visited the Abyss 1 time.

Inventory:

Hand Weapons
 a - a +1 hand axe (weapon)
Armour
 b - a +0 leather armour (worn)
Comestibles
 c - a bread ration


   Skills:
 + Level 3.0 Fighting
 + Level 1.7 Axes
 + Level 1.3 Armour
 + Level 0.6 Dodging
 + Level 2.0 Invocations


You couldn't memorise any spells.
You didn't know any spells.

Dungeon Overview and Level Annotations

Branches:
Dungeon (0/15)

Altars:


Innate Abilities, Weirdness & Mutations

You have hooves in place of feet.
Armour fits poorly on your strangely shaped body.
You cover ground very quickly.
You have extremely tough skin. (AC +3)


Message History

Unknown command.
Tentacles burst from the starspawn's body! 2 starspawn tentacles come into view.
The orc priest looks satisfied for a moment.
The worldbinder calls forth creatures from the Orcish Mines!
Unknown command.
The worldbinder calls forth creatures from the Orcish Mines!
Unknown command.
Unknown command.
Found 20 stones.
The worldbinder calls forth creatures from the Orcish Mines!
Found 3 gold pieces.
Found a gateway leading out of the Abyss.
There is a gateway leading out of the Abyss here.
The worldbinder calls forth creatures from the Orcish Mines!
The worldbinder closely misses you. The worldbinder completely misses you.
The worldbinder hits you.
* * * LOW HITPOINT WARNING * * *
The worldbinder hits you.
You die...

#### ## #..##
...# ##..###..#
# # ##.##..# # .
#...@.# .. . #
######x.#..## #
## ## #.
..#..#...#
#.#... ..#
.####.....# #..
# .oxo...o##.#.#
.##
##...h#.###.##.#
#. #..# # ###. .
... .. # ##.
..## .## #... ..
..# #...


You could see a worldbinder and an orc priest.

Vanquished Creatures (others)
  2 starspawn tentacles (Abyss:1)
2 creatures vanquished.

Notes
Turn   | Place    | Note
-------+----------+-------------------------------------------
     0 | Abyss:1  | Gargoyl the Centaur Abyssal Knight began the quest for the Orb.
     0 | Abyss:1  | Reached XP level 1. HP: 19/19 MP: 2/2
   108 | Abyss:1  | Found a corrupted altar of Lugonu.
   118 | Abyss:1  | Noticed a small abomination
   119 | Abyss:1  | Noticed an ancient zyme
   135 | Abyss:1  | Noticed a large abomination
   157 | Abyss:1  | Noticed an iron imp
   197 | Abyss:1  | Noticed an orange demon
   198 | Abyss:1  | Noticed a ynoxinul
   208 | Abyss:1  | Noticed a starcursed mass
   217 | Abyss:1  | Noticed a large abomination
   223 | Abyss:1  | Noticed a worldbinder
   227 | Abyss:1  | Noticed an orc priest
   227 | Abyss:1  | Noticed an orc priest
   228 | Abyss:1  | Noticed a troll
   228 | Abyss:1  | Noticed a troll
   229 | Abyss:1  | Noticed a large abomination
   241 | Abyss:1  | Noticed an orc priest
   241 | Abyss:1  | Noticed an orc priest
   242 | Abyss:1  | Noticed a tentacled starspawn
   248 | Abyss:1  | Noticed a troll
   252 | Abyss:1  | Noticed a troll
   257 | Abyss:1  | Noticed an orc priest
   286 | Abyss:1  | Noticed an orc priest
   286 | Abyss:1  | Noticed an orc priest
   286 | Abyss:1  | Noticed a warg
   299 | Abyss:1  | Slain by a worldbinder

Action                   || total
-------------------------++-------
  Use: Scroll            ||     1
Dodge: Dodged            ||     2
